 Dungeon Crawl Stone Soup version 0.29.0-4-gdea44cf6ec (webtiles) character file.

Game seed: 4989745706154643023

16 qw the Caller (level 2, 0/23 HPs)
             Began as a Ghoul Summoner on Sept 10, 2022.
             Slain by a goblin
             ... wielding a +0 dagger
              (1 damage)
             ... on level 2 of the Dungeon.
             The game lasted 00:00:31 (2083 turns).

qw the Caller (Ghoul Summoner)                      Turns: 2083, Time: 00:00:31

Health: 0/23       AC:  5    Str: 11    XL:     2   Next: 58%
Magic:  0/3        EV: 10    Int: 10    God:
Gold:   33         SH:  0    Dex:  9    Spells: 3/4 levels left

rFire   . . .      SeeInvis .   c - +0 spear
rCold   + . .      Faith    .   (no shield)
rNeg    + + +      Spirit   .   j - +0 ring mail
rPois   inf        Reflect  .   (no helmet)
rElec   .          Harm     .   (no cloak)
rCorr   .          Rampage  .   (no gloves)
Will    .....                   (no boots)
Stlth   +.........              (no amulet)
HPRegen 0.00/turn               (no ring)
MPRegen 0.08/turn               (no ring)

@: very slightly contaminated, inhibited regen
A: claws 1, cold resistance 1, negative energy resistance 3, inhibited
regeneration, torment resistance 2, devour on kill
a: no special abilities


You were on level 2 of the Dungeon.
You visited 1 branch of the dungeon, and saw 2 of its levels.

You collected 33 gold pieces.


Innate Abilities, Weirdness & Mutations

You are immune to poison.
You have sharp fingernails.
Your flesh is cold resistant. (rC+)
You are immune to negative energy. (rN+++)
You do not regenerate when monsters are visible.
You are immune to unholy pain and torment.
You thrive by killing the living.


   Skills:
 - Level 1.0 Fighting
 + Level 1.5 Axes
 - Level 1.7 Dodging
 - Level 2.1 Stealth
 - Level 1.7 Spellcasting
 - Level 3.6 Summonings


You had 3 spell levels left.
You knew the following spells:

 Your Spells              Type           Power      Damage    Failure   Level
a - Summon Small Mammal   Summ           32%        N/A       19%         1

Your spell library contained the following spells:

 Spells                   Type           Power      Damage    Failure   Level
 Call Imp                 Summ           8%         N/A       26%         2
 Call Canine Familiar     Summ           8%         N/A       47%         3
 Summon Guardian Golem    Hex/Summ       4%         N/A       75%         3
 Summon Lightning Spire   Summ/Air       4%         N/A       98%         4

Inventory:

Hand Weapons
 c - a +0 spear (weapon)
Armour
 j - a +0 ring mail (worn)
Scrolls
 a - a scroll of identify {unknown}
 b - a scroll of vulnerability {unknown}
Potions
 i - a potion of heal wounds {unknown}

Dungeon Overview and Level Annotations

Branches:
Dungeon (2/15)

Altars:

Shops:
D:1 :


Message History

A goblin comes into view. It is wielding a +0 dagger.
The goblin shouts!
The goblin unwields a +0 dagger.
The goblin wields a +3 sling.
The goblin shoots a sling bullet.
The sling bullet hits you.
2075 ||| CASTING Summon Small Mammal
Casting: Summon Small Mammal (safe; 19% risk of failure)
Confirm with . or Enter, or press ? or * to list all spells.
The goblin shoots a sling bullet.
The sling bullet hits you.
2076 ||| CASTING Summon Small Mammal
Casting: Summon Small Mammal (safe; 19% risk of failure)
Confirm with . or Enter, or press ? or * to list all spells.
The goblin shoots a sling bullet.
The sling bullet hits you.
2077 ||| CASTING Summon Small Mammal
Casting: Summon Small Mammal (safe; 19% risk of failure)
Confirm with . or Enter, or press ? or * to list all spells.
You miscast Summon Small Mammal.
You are very lightly contaminated with residual magic.
Nothing appears to happen.
The goblin shoots a sling bullet.
The sling bullet barely misses your bat.
The sling bullet barely misses you.
The goblin shoots a sling bullet.
The sling bullet closely misses your bat.
The sling bullet hits you.
You see here 2 boomerangs.
Your bat hits the goblin.
The goblin shoots a sling bullet.
The sling bullet hits your bat.
Your bat dies!
Your bat's corpse disappears in a puff of smoke!
You swap places.
The goblin shoots a sling bullet.
The sling bullet closely misses you. The sling bullet hits your rat.
Your rat dies!
Your rat's corpse disappears in a puff of smoke!
The goblin shoots a sling bullet.
The sling bullet hits you.
You barely miss the goblin.
The goblin is moderately wounded.
The goblin unwields a +3 sling.
The goblin wields a +0 dagger.
The goblin hits you with a +0 dagger.
You die...

## .###
##g..###
#@.}...###
##........#+#
..
#...........#
.#
##........}.#
.#
#..(..}.....#
.#
##.}........#
.. .#
+...........#
... .#
###...)....##
... .####
###...}..#
###...


You could see a goblin.

Vanquished Creatures
  A dart slug (D:1)
  3 ball pythons
  A hobgoblin (D:1)
  A kobold (D:1)
  A quokka (D:1)
  A frilled lizard (D:1)
8 creatures vanquished.

Vanquished Creatures (collateral kills)
  A ball python (D:1)
  A bat (D:2)
  A jackal (D:2)
  A frilled lizard (D:2)
  A rat (D:1)
5 creatures vanquished.

Grand Total: 13 creatures vanquished

Notes
Turn   | Place    | Note
-------+----------+-------------------------------------------
     0 | D:1      | qw the Ghoul Summoner began the quest for the Orb.
     0 | D:1      | Reached XP level 1. HP: 14/14 MP: 2/2
     0 | D:1      | 0 ||| qw: Version: 0.1-a-116-g5d60599
     0 | D:1      | 0 ||| qw: Game counter: 7547
     0 | D:1      | 0 ||| qw: Always use a shield: true
     0 | D:1      | 0 ||| qw: God list: Okawaru
     0 | D:1      | 0 ||| qw: Allow faded altars: false
     0 | D:1      | 0 ||| qw: Do Orc after D:15 true
     0 | D:1      | 0 ||| qw: Do second Lair branch before Depths: true
     0 | D:1      | 0 ||| qw: Lair rune preference: random
     0 | D:1      | 0 ||| qw: Plans: Normal
     0 | D:1      | 0 ||| PLANNING D:1-11
    69 | D:1      | 69 ||| CASTING Summon Small Mammal
    70 | D:1      | 70 ||| CASTING Summon Small Mammal
    82 | D:1      | 82 ||| CASTING Summon Small Mammal
   141 | D:1      | 141 ||| CASTING Summon Small Mammal
   142 | D:1      | 142 ||| CASTING Summon Small Mammal
   189 | D:1      | 189 ||| Wielding weapon +0 dagger.
   229 | D:1      | 229 ||| CASTING Summon Small Mammal
   230 | D:1      | 230 ||| CASTING Summon Small Mammal
   241 | D:1      | 241 ||| CASTING Summon Small Mammal
   410 | D:1      | Found Waoxzyis's Book Boutique.
   442 | D:1      | 442 ||| CASTING Summon Small Mammal
   443 | D:1      | 443 ||| CASTING Summon Small Mammal
   446 | D:1      | Reached skill level 1 in Axes
   489 | D:1      | 489 ||| CASTING Summon Small Mammal
   490 | D:1      | 490 ||| CASTING Summon Small Mammal
   522 | D:1      | 522 ||| CASTING Summon Small Mammal
   523 | D:1      | 523 ||| CASTING Summon Small Mammal
   535 | D:1      | 535 ||| CASTING Summon Small Mammal
   538 | D:1      | Reached skill level 1 in Fighting
   538 | D:1      | Reached XP level 2. HP: 16/23 MP: 0/3
   743 | D:1      | 743 ||| CASTING Summon Small Mammal
   744 | D:1      | 744 ||| CASTING Summon Small Mammal
   745 | D:1      | 745 ||| CASTING Summon Small Mammal
   846 | D:1      | 846 ||| CASTING Summon Small Mammal
   847 | D:1      | 847 ||| CASTING Summon Small Mammal
   848 | D:1      | 848 ||| CASTING Summon Small Mammal
   858 | D:1      | 858 ||| CASTING Summon Small Mammal
   871 | D:1      | 871 ||| CASTING Summon Small Mammal
  1194 | D:1      | 1194 ||| CASTING Summon Small Mammal
  1195 | D:1      | 1195 ||| CASTING Summon Small Mammal
  1196 | D:1      | 1196 ||| CASTING Summon Small Mammal
  1322 | D:1      | 1322 ||| UPGRADING to +0 leather armour.
  1332 | D:1      | 1332 ||| DROPPING +0 robe.
  1333 | D:1      | 1333 ||| UPGRADING to +0 ring mail.
  1343 | D:1      | 1343 ||| DROPPING +0 leather armour.
  1344 | D:1      | 1344 ||| READING scroll labelled SANIOSS GASINU.
  1345 | D:1      | 1345 ||| READING 3 scrolls labelled ZOWUINLIDI.
  1349 | D:1      | 1349 ||| READING scroll labelled RIDITW ILIANG.
  1350 | D:1      | 1350 ||| READING scroll labelled XUREOS KYUGO.
  1351 | D:1      | 1351 ||| READING scroll labelled KOATUN ME HAIRPH.
  1352 | D:1      | 1352 ||| DROPPING potion of magic.
  1358 | D:2      | 1358 ||| CASTING Summon Small Mammal
  1359 | D:2      | 1359 ||| CASTING Summon Small Mammal
  1360 | D:2      | 1360 ||| CASTING Summon Small Mammal
  1367 | D:2      | 1367 ||| Stepping ~*~*~tactically~*~*~ (outnumbered).
  1370 | D:2      | 1370 ||| CASTING Summon Small Mammal
  1383 | D:2      | 1383 ||| CASTING Summon Small Mammal
  1384 | D:2      | HP: 5/23 [jackal (2)]
  1385 | D:2      | 1385 ||| READING 2 scrolls of teleportation.
  1765 | D:2      | 1765 ||| CASTING Summon Small Mammal
  1766 | D:2      | 1766 ||| CASTING Summon Small Mammal
  1767 | D:2      | 1767 ||| CASTING Summon Small Mammal
  1778 | D:2      | 1778 ||| CASTING Summon Small Mammal
  1781 | D:2      | HP: 5/23 [constriction (1)]
  1782 | D:2      | 1782 ||| READING scroll of teleportation.
  1909 | D:2      | 1909 ||| Stepping ~*~*~tactically~*~*~ (stealth).
  1912 | D:2      | 1912 ||| Stepping ~*~*~tactically~*~*~ (stealth).
  1924 | D:2      | 1924 ||| Stepping ~*~*~tactically~*~*~ (stealth).
  1925 | D:2      | 1925 ||| Stepping ~*~*~tactically~*~*~ (stealth).
  1930 | D:2      | 1930 ||| Stepping ~*~*~tactically~*~*~ (stealth).
  1931 | D:2      | 1931 ||| Stepping ~*~*~tactically~*~*~ (stealth).
  2004 | D:2      | 2004 ||| Stepping ~*~*~tactically~*~*~ (stealth).
  2005 | D:2      | 2005 ||| Stepping ~*~*~tactically~*~*~ (stealth).
  2006 | D:2      | 2006 ||| Stepping ~*~*~tactically~*~*~ (stealth).
  2007 | D:2      | 2007 ||| CASTING Summon Small Mammal
  2008 | D:2      | 2008 ||| CASTING Summon Small Mammal
  2009 | D:2      | 2009 ||| CASTING Summon Small Mammal
  2071 | D:2      | 2071 ||| SWAPPING to +0 spear.
  2072 | D:2      | 2072 ||| DROPPING +0 dagger.
  2075 | D:2      | 2075 ||| CASTING Summon Small Mammal
  2076 | D:2      | 2076 ||| CASTING Summon Small Mammal
  2077 | D:2      | 2077 ||| CASTING Summon Small Mammal
  2081 | D:2      | HP: 1/23 [goblin/sling bullet (5)]
  2083 | D:2      | Slain by a goblin

Levels and vault maps discovered:
D:1:      lemuel_arrival_river_ford, layout_loops_cross, serial_shops, shop
D:2:      minmay_skewed_foursquare, layout_basic,
          chequers_ecumenical_altar_grove, guppyfry_early_lair_pool,
          uniq_sigmund

Skill      XL: |  1 |
---------------+----+-----
Axes           | 1 |  1.5
Fighting       | 1 |  1.0
Dodging        | |  1.7
Stealth        | |  2.1
Spellcasting   | |  1.7
Summonings     | |  3.6

Action                   || total
-------------------------++-------
Melee: Dagger            ||    71
       Unarmed           ||     4
       Spear             ||     1
 Cast: Summon Small Mamm ||    31
  Use: Scroll            ||     7
Armor: Robe              ||     4
       Ring mail         ||    34
Dodge: Dodged            ||    71

Table legend:
 A = Non-vault XP
 B = Vault XP
 C = Vault XP percentage of total XP
 D = Non-vault monster count
 E = Vault monster count
 F = Vault count percentage of total count
                 A         B        C        D         E       F
            +---------+---------+-------+---------+---------+-------
      Total |      24 |       0 |   0.0 |      13 |       0 |   0.0
            +---------+---------+-------+---------+---------+-------
        D:1 |      17 |       0 |   0.0 |       9 |       0 |   0.0
        D:2 |       7 |       0 |   0.0 |       4 |       0 |   0.0
            +---------+---------+-------+---------+---------+-------
